 Dungeon Crawl Stone Soup version 0.23.2-1-ga50397a (webtiles) character file.

Game seed: 10483887444844926696

33 schauveau the Cudgeler (level 3, 0/24 HPs)
             Began as a Gargoyle Monk on Apr 27, 2019.
             Was a Believer of Okawaru.
             Slain by a scorpion (2 damage)
             ... on level 4 of the Dungeon.
             The game lasted 00:02:09 (1200 turns).

schauveau the Cudgeler (Gargoyle Monk)              Turns: 1200, Time: 00:02:11

Health: 0/24       AC:  5    Str: 15    XL:     3   Next: 29%
Magic:  3/3        EV: 12    Int: 10    God:    Okawaru [**....]
Gold:   61         SH:  0    Dex: 12    Spells: 2/2 levels left

rFire    . . .     SeeInvis .   a - +0 mace
rCold    . . .     Gourm    .   (no shield)
rNeg     + . .     Faith    .   b - +0 robe
rPois    ∞         Spirit   .   (no helmet)
rElec    +         Reflect  .   (no cloak)
rCorr    .         Harm     .   (no gloves)
MR       .....                  (no boots)
Stlth    ++........             (no amulet)
HPRegen  0.08/turn              (no ring)
MPRegen  0.08/turn              (no ring)

@: no status effects
A: negative energy resistance 1, electricity resistance, unbreathing,
petrification resistance, rot immunity, AC +3
a: Heroism, Renounce Religion


You were on level 4 of the Dungeon.
You worshipped Okawaru.
Okawaru was pleased with you.
You were not hungry.

You visited 1 branch of the dungeon, and saw 4 of its levels.

You collected 61 gold pieces.

Inventory:

Hand Weapons
 a - a +0 mace (weapon)
Missiles
 f - 5 javelins (quivered)
Armour
 b - a +0 robe (worn)
Jewellery
 e - an uncursed ring of flight {unknown}
Potions
 d - a potion of degeneration {unknown}
 g - a potion of curing {unknown}
 j - a potion of lignification {unknown}
Comestibles
 c - 3 rations


   Skills:
 + Level 3.7 Fighting
 * Level 3.7 Maces & Flails
 + Level 1.2 Armour
 - Level 2.4 Dodging
 - Level 2.1 Stealth


You had 2 spell levels left.
You didn't know any spells.
Your spell library was empty.

Dungeon Overview and Level Annotations

Branches:
Dungeon (4/15)
 Temple: D:4-7

Altars:
Elyvilon
Fedhas
Nemelex Xobeh
Okawaru
Wu Jian

Annotations:
D:4 Blork the orc


Innate Abilities, Weirdness & Mutations

You are resistant to torment.
Your stone body is resilient. (AC +3)
You are immune to poison.
You resist negative energy. (rN+)
You are resistant to electric shocks. (rElec)
You can survive without breathing.
You are immune to petrification.
You are immune to rotting.


Message History

You sock the scorpion!
The scorpion is heavily wounded.
The scorpion closely misses you.
You hit the scorpion but do no damage.
The scorpion is heavily wounded.
The scorpion stings you. x2
You hit the scorpion.
The scorpion is severely wounded.
The scorpion closely misses you.
You hit the scorpion.
The scorpion is severely wounded.
The scorpion stings you.
You hit the scorpion but do no damage.
The scorpion is severely wounded.
The scorpion stings you!
* * * LOW HITPOINT WARNING * * *
You closely miss the scorpion.
The scorpion is severely wounded.
The scorpion stings you.
You die...

#_.#.#.#.#.8.#
#..####_#####⌠#.#######
#..###### ###........
#.......# #####....
##.......### #####....
..)........# #....####
#.......#.# #....#
.#..$....#.#####....####
.....>s@.............:..
#####...................
#......#####....####
#.###### ......# ...
.......# #.## $....####
#. .....# # ....#


You could see a scorpion.

Vanquished Creatures
  An adder (D:2)
  3 worms
  A giant cockroach (D:3)
  4 goblins (D:2)
  A hobgoblin (D:2)
  2 jackals (D:3)
  A kobold (D:1)
  A bat (D:2)
  A frilled lizard (D:2)
15 creatures vanquished.

Notes
Turn   | Place    | Note
-------+----------+-------------------------------------------
     0 | D:1      | schauveau the Gargoyle Monk began the quest for the Orb.
     0 | D:1      | Reached XP level 1. HP: 14/14 MP: 1/1
    85 | D:3      | Noticed an orc wizard
   112 | D:2      | Reached XP level 2. HP: 5/19 MP: 2/2
   436 | D:2      | Reached skill level 1 in Armour
   456 | D:2      | Found a blossoming altar of Fedhas.
   699 | D:3      | Reached XP level 3. HP: 21/23 MP: 3/3
  1038 | D:4      | Found a sparkling altar of Nemelex Xobeh.
  1044 | D:4      | Found an ornate altar of the Wu Jian Council.
  1044 | D:4      | Found an iron altar of Okawaru.
  1047 | D:4      | Found a white marble altar of Elyvilon.
  1052 | D:4      | Became a worshipper of Warmaster Okawaru
  1052 | D:4      | Reached * piety under Okawaru
  1052 | D:4      | Reached ** piety under Okawaru
  1180 | D:4      | Noticed Blork the orc
  1189 | D:4      | Noticed a scorpion
  1200 | D:4      | Slain by a scorpion

Skill      XL: |  1  2 |
---------------+-------+-----
Armour         | 1 |  1.2
Fighting       | |  3.7
Maces & Flails | |  3.7
Dodging        | |  2.4
Stealth        | |  2.1

Action                   || total
-------------------------++-------
Melee: Mace              ||    79
  Use: Scroll            ||     1
 Stab: Sleeping          ||     1
  Eat: Ration            ||     1
       Chunk             ||     1
Armor: Robe              ||    23
Dodge: Dodged            ||    43
